 Dungeon Crawl Stone Soup version 0.10.4 character file.

144 Aargh the Changer (level 4, -1/28 HPs)
             Began as a Sludge Elf Stalker on July 29, 2013.
             Succumbed to a kobold's poison
             ... in the sewers on July 30, 2013.
             The game lasted 00:35:51 (2921 turns).

Aargh the Changer (Sludge Elf Stalker)              Turns: 2921, Time: 00:35:51

HP  -1/28        AC  3     Str 10      XL: 4   Next: 19%
MP  16/16        EV 13     Int 14      God:
Gold 76          SH  0     Dex 16      Spells:  2 memorised,  4 levels left

Res.Fire  : . . .   See Invis. : .   a - +3,+2 elf dagger (curse) {=f}
Res.Cold  : . . .   Warding    : . . B - +0 elf robe
Life Prot.: . . .   Conserve   : +   (no shield)
Res.Acid. : . . .   Res.Corr.  : .   (no helmet)
Res.Poison: .       Clarity    : .   c - +0 elf cloak
Res.Elec. : .       Spirit.Shd : .   (no gloves)
Sust.Abil.: . .     Stasis     : .   (no boots)
Res.Mut.  : .       Ctrl.Telep.: .   g - amulet of conservation
Res.Rott. : .       Levitation : .   (no ring)
Saprovore : . . .   Ctrl.Flight: .   n - ring of magical power

@: very poisoned, slightly resistant to hostile enchantments, unstealthy
A: no striking features
a: no special abilities


You were in the sewers.
You were not hungry.

You visited 1 branch of the dungeon, and saw 3 of its levels.
You visited 1 portal chamber: sewer.

You collected 56 gold pieces.

Dungeon Overview and Level Annotations

Branches:
Dungeon (3/27)

Altars:
Nemelex Xobeh


   Skills:
 + Level 1.1 Fighting
 * Level 1.3 Short Blades
 + Level 1.1 Throwing
 + Level 2.9 Dodging
 + Level 2.4 Stealth
 + Level 3.0 Stabbing
 * Level 1.9 Traps & Doors
 * Level 2.3 Spellcasting
 * Level 1.5 Necromancy
 * Level 3.5 Transmutations


You had 4 spell levels left.
You knew the following spells:

 Your Spells              Type           Power        Failure   Level  Hunger
a - Fulsome Distillation  Trmt/Necr      N/A          10%         1    Strawberry
b - Evaporate             Fire/Trmt      ##.....      21%         2    Choko

Inventory:

Hand weapons
 a - a cursed +3,+2 elven dagger (weapon) {=f}
 b - a +0 blowgun
 r - a +0,+0 orcish dagger
 s - a +0,+1 orcish dagger
 t - a +0,+0 sling
 y - a +0,+0 short sword
 C - a +2,+3 whip
Missiles
 h - 10 +0 stones (quivered)
 j - 3 silver +0 darts
 k - 29 poisoned +0 needles
 o - 45 +0 arrows
 v - 22 +0 sling bullets
 z - 16 +0 darts
Armour
 c - a +0 elven cloak (worn)
 B - a +0 elven robe (worn)
Magical devices
 w - a wand of frost (9)
Comestibles
 f - 2 bread rations
 m - 2 chokos
 q - a rotting chunk of grey rat flesh {@w1}
Jewellery
 g - an amulet of conservation (around neck)
 i - an uncursed amulet of rage
 n - a ring of magical power (left hand)
Potions
 e - 2 potions of confusion {!q}
 l - 2 potions of curing
 p - a potion of agility {unknown}
 u - a potion of degeneration {!q}
 D - a potion of poison {unknown}
Books
 d - a book of Stalking

   Spells                             Type                      Level
   *Fulsome Distillation              Transmutation/Necromancy     1
   *Evaporate                         Fire/Transmutation           2
   Passwall                           Transmutation/Earth          3
   Petrify                            Transmutation/Earth          4
   Dig                                Transmutation/Earth          4


Message History

The kobold shoots a poisoned needle.
The poisoned needle hits you!
You are more poisoned.
You hear a splash.
There is some shallow water here.
You see here a poisoned needle.
You feel sick.
There is some shallow water here.
* * * LOW HITPOINT WARNING * * *
You feel sick.
There is some shallow water here.
* * * LOW HITPOINT WARNING * * *
You feel sick.
There is some shallow water here.
You see here a poisoned needle.
* * * LOW HITPOINT WARNING * * *
You feel sick.
There is some shallow water here.
* * * LOW HITPOINT WARNING * * *
You feel very sick. The big fish completely misses you.
There is some shallow water here.
* * * LOW HITPOINT WARNING * * *
You feel sick.
You feel a little better.
The big fish bites you but does no damage.
There is some shallow water here.
* * * LOW HITPOINT WARNING * * *
You feel very sick. The big fish misses you.
There is some shallow water here.
* * * LOW HITPOINT WARNING * * *
You feel sick. The big fish misses you.
There is some shallow water here.
* * * LOW HITPOINT WARNING * * *
You feel very sick.
There is some shallow water here.
* * * LOW HITPOINT WARNING * * *
You feel sick. The big fish closely misses you.
There is some shallow water here.
You die...

#(#
#≈#
#K#
#≈#
#≈#
#≈#
#;#
#≈#
#@#
#≈#
#≈#
#≈#
#≈#
#.#
#.#
#.#
#.#


You could see a big fish and a kobold.

Vanquished Creatures
  A green rat (D:3)
  A giant mite (D:2)
  6 grey rats
  2 giant geckos
  5 goblins
  2 hobgoblins (D:1)
  A jackal (Sewer)
  6 kobolds
  A quokka (D:3)
  2 ball pythons
  3 bats
  3 giant newts
  7 rats
40 creatures vanquished.

Vanquished Creatures (others)
  2 toadstools (D:2)
2 creatures vanquished.

Grand Total: 42 creatures vanquished

Notes
Turn   | Place    | Note
--------------------------------------------------------------
     0 | D:1      | Aargh, the Sludge Elf Stalker, began the quest for the Orb.
     0 | D:1      | Reached XP level 1. HP: 13/13 MP: 1/1
   659 | D:1      | Reached XP level 2. HP: 18/18 MP: 3/3
   861 | D:2      | Reached skill level 1 in Necromancy
   897 | D:2      | Reached skill level 1 in Traps & Doors
   973 | D:2      | Learned a level 2 spell: Evaporate
  1084 | D:2      | Reached skill level 2 in Spellcasting
  1176 | D:2      | Found a sparkling altar of Nemelex Xobeh.
  1185 | D:2      | Reached XP level 3. HP: 21/23 MP: 5/5
  1500 | D:1      | Reached skill level 1 in Short Blades
  1936 | D:2      | Reached skill level 3 in Transmutations
  2571 | D:3      | Found a glowing drain. 2631
                  | sewer
                  | Entered the sewers 2633
                  | sewer
                  | Reached skill level 1 in Throwing 2635
                  | sewer
                  | Reached XP level 4. HP: 10/28 MP: 7/7 2898
                  | sewer
                  | Reached skill level 3 in Stabbing 2920
                  | sewer
                  | HP: 2/28 [poisoned by a kobold] 2921
                  | sewer
                  | Succumbed to a kobold's poison
